Map: Ascension to Aiur LE

Players

llllllllllll

  • Race: Terran Terran
  • League: Master
  • Spawn Location: 5:00

RiSky - Winner!

  • Race: Zerg Zerg
  • League: Master
  • Spawn Location: 11:00

VOD

Have the link to the VOD?

Description

Time

  • Played on: Nov. 19, 2017, 11:28 a.m.
  • Length: 21:09
Show
View Real Time Build Order
Export as new Build Order

llllllllllll Terran 

Build Orders: Reaper Expand 

Get SALT Encoding   

  12  0:01  SCV  
  13  0:13  SCV  
  14  0:17  Supply Depot  
  14  0:25  SCV  
  15  0:30  Refinery  
  15  0:39  SCV  
  16  0:44  Barracks  
  16  0:51  SCV  
  17  1:03  SCV  
  18  1:15  SCV  
  19  1:31  Reaper, Orbital Command  
  20  1:42  Command Center  
  20  1:57  Factory  
  20  1:59  SCV  
  21  2:09  Refinery, Barracks Reactor  
  21  2:11  SCV  
  22  2:16  Supply Depot  
  22  2:23  SCV  
  23  2:38  SCV  
  24  2:45  Factory  
  24  2:50  SCV  
  25  2:53  Hellion x2  
  25  2:55  Orbital Command  
  29  2:59  Barracks Reactor  
  29  3:02  SCV  
  30  3:14  SCV  
  30  3:15  Hellion x2  
  35  3:21  Armory  
  35  3:23  SCV  
  35  3:26  SCV  
  37  3:37  SCV  
  37  3:38  SCV  
  37  3:40  Cyclone  
  42  3:49  SCV  
  42  3:50  SCV  
  42  3:53  Supply Depot  
  44  4:02  SCV x2  
  45  4:10  Hellion x2  
  45  4:12  Terran Vehicle Weapons Level 1  
  45  4:14  SCV x2, Hellion  
  45  4:15  Hellion  
  51  4:17  Supply Depot  
  51  4:26  Supply Depot, SCV x2  
  53  4:38  SCV  
  54  4:39  SCV  
  54  4:43  Command Center, Cyclone x2  
  61  4:50  Supply Depot, SCV  
  61  4:51  SCV  
  63  4:53  Refinery  
  63  4:54  Refinery  
  63  5:02  Supply Depot, SCV  
  63  5:03  SCV  
  65  5:14  SCV  
  65  5:15  SCV  
  65  5:16  Hellion x2  
  65  5:20  Cyclone x2  
  77  5:26  SCV  
  77  5:27  SCV  
  79  5:35  Supply Depot x2  
  79  5:38  SCV  
  79  5:39  SCV, Cyclone  
  84  5:46  Refinery  
  84  5:50  Refinery, SCV  
  84  5:51  SCV  
  84  5:55  Hellion x2, Cyclone  
  84  5:56  Orbital Command  
  93  6:03  SCV x2  
  95  6:07  Terran Vehicle Weapons Level 2  
  95  6:14  Factory  
  95  6:15  SCV x2  
  95  6:16  Hellion x2  
  97  6:20  Supply Depot x2  
  97  6:23  Cyclone x2  
  103  6:28  SCV x2  
  97  6:36  Cyclone x2  
  97  6:38  SCV  
  104  6:40  SCV  
  104  6:41  SCV  
  104  6:50  SCV  
  104  6:53  SCV x2  
  105  6:55  Cyclone  
  105  6:56  Cyclone  
  105  6:59  Factory Reactor  
  111  7:03  SCV  
  111  7:04  Command Center  
  111  7:05  SCV x2  
  113  7:16  Hellion  
  113  7:17  Hellion  
  113  7:20  Supply Depot x3  
  117  7:28  Supply Depot  
  117  7:29  Supply Depot x2  
  117  7:30  Supply Depot x2  
  117  7:33  Cyclone x2  
  117  7:35  SCV x2  
  117  7:36  SCV  
  117  7:37  Starport x2  
  126  7:46  Cyclone  
  126  7:47  Engineering Bay, Cyclone, SCV  
  133  8:01  Factory, Cyclone x2  
  139  8:08  SCV x3  
  142  8:15  Sensor Tower, Starport Tech Lab x2  
  142  8:17  Refinery, Cyclone x2  
  148  8:21  Refinery  
  148  8:22  Hellion x4  
  148  8:23  Terran Vehicle Weapons Level 3  
  148  8:24  Hellion x2  
  152  8:27  Planetary Fortress  
  152  8:36  Corvid Reactor  
  152  8:38  Hellion x2  
  156  8:44  Supply Depot  
  156  8:46  Hellion x2  
  156  8:47  Factory Reactor  
  160  8:49  Hellion x2  
  160  8:50  Armory  
  164  9:08  Hellion x2  
  164  9:09  Hellion  
  170  9:13  Hellion x2  
  170  9:14  Hellion  
  176  9:28  Raven x2  
  176  9:29  Hellion, Cyclone x2  
  184  9:32  Cyclone x2  
  184  9:34  Cyclone  
  184  9:35  Cyclone  
  184  9:36  Hellion  
  130  9:51  Hellion  
  115  9:58  Factory, Hellion  
  108  10:07  Cyclone x2  
  108  10:09  Cyclone x4  
  108  10:14  Cyclone  
  122  10:18  Raven  
  122  10:19  Command Center x2  
  124  10:26  Hellion  
  124  10:27  Raven  
  128  10:33  Terran Vehicle And Ship Armor Level 1  
  128  10:39  Command Center, Hellion x2  
  128  10:41  Cyclone  
  128  10:42  Hellion x3  
  141  10:43  Cyclone  
  141  10:46  Cyclone  
  147  10:54  Cyclone  
  149  11:00  Cyclone  
  149  11:04  Cyclone x2  
  149  11:08  SCV x3  
  149  11:09  SCV  
  149  11:10  Cyclone  
  133  11:15  Hellion x3  
  141  11:18  Hellion  
  141  11:20  SCV x2  
  141  11:21  SCV x2  
  145  11:26  Hellion  
  145  11:31  Orbital Command  
  145  11:32  SCV  
  150  11:33  SCV x3, Hellion  
  150  11:36  Hellion  
  155  11:42  Raven x2  
  155  11:43  Cyclone x3  
  152  11:54  Cyclone  
  152  11:55  Cyclone  
  152  11:57  Cyclone  
  149  12:03  Hellion x3  
  149  12:05  Planetary Fortress  
  155  12:15  Hellion x2  
  156  12:16  Hellion  
  138  12:24  Hellion, Cyclone x2  
  138  12:27  Raven, Hellion x2  
  154  12:30  Hellion  
  154  12:36  Refinery, Hellion  
  154  12:37  Refinery, Hellion  
  158  12:39  Raven  
  158  12:43  Cyclone  
  164  12:56  Cyclone x2  
  164  12:57  Cyclone  
  169  13:05  Hellion x3  
  175  13:06  Hellion  
  175  13:11  Hellion x3  
  172  13:14  Raven, Terran Vehicle And Ship Armor Level 2  
  172  13:16  Factory Tech Lab  
  172  13:17  Cyclone  
  174  13:23  Hellion x7  
  174  13:26  Cyclone  
  177  13:27  Raven  
  177  13:29  Command Center  
  179  13:37  Cyclone x3  
  186  13:45  Smart Servos  
  186  13:48  Cyclone  
  186  13:49  Cyclone  
  192  14:00  Cyclone x2  
  198  14:03  Terran Ship Weapons Level 1  
  169  14:22  Cyclone x3  
  169  14:23  Cyclone x2  
  169  14:24  Cyclone x2  
  179  14:39  Raven x2  
  179  14:40  Hellion x2  
  179  14:43  Command Center  
  187  14:55  Hellion x3, Cyclone  
  187  14:57  Sensor Tower  
  187  14:58  Cyclone  
  199  15:04  Rapid Fire Launchers  
  199  15:10  Missile Turret x2  
  199  15:12  Missile Turret  
  199  15:32  Refinery  
  199  15:33  Starport  
  199  15:35  Planetary Fortress  
  191  15:36  Raven x2  
  191  15:37  Starport  
  191  15:41  Refinery  
  195  15:46  Terran Vehicle And Ship Armor Level 3  
  195  15:50  Command Center  
  190  16:03  Command Center  
  183  16:11  Orbital Command  
  183  16:19  Raven x2  
  183  16:20  Starport Tech Lab  
  183  16:21  Starport Tech Lab  
  183  16:22  Infernal Pre-Igniter, Cyclone x4  
  196  16:36  Cyclone  
  185  17:09  Cyclone x2  
  185  17:11  Cyclone x2  
  185  17:14  Cyclone x2  
  185  17:15  Cyclone x2  
  194  17:16  Cyclone  
  181  17:33  Raven  
  180  17:38  Orbital Command  
  180  17:40  Raven  
  180  17:41  Cyclone x2  
  180  17:43  Cyclone x2  
  194  17:46  Cyclone  
  194  17:47  Cyclone  
  188  17:55  Cyclone x3  
  176  18:13  Cyclone  
  176  18:18  Cyclone x2  
  176  18:19  Cyclone  
  179  18:20  Cyclone  
  171  18:29  Cyclone x2  
  171  18:31  Cyclone x2  
  180  18:41  Raven  
  182  18:44  Raven  
  182  18:45  Hellion  
  182  18:47  Raven  
  188  18:51  Raven  
  190  19:13  Cyclone x2  
  190  19:14  Cyclone  
  199  19:18  Enhanced Munitions  
  199  19:41  Refinery x2, Missile Turret  
  199  19:43  Missile Turret x2  
  199  19:48  Missile Turret  
  192  20:10  Cyclone x2  
  192  20:12  Cyclone  
  198  20:23  Missile Turret  
  198  20:26  Missile Turret  
  198  20:29  Missile Turret  
Show
View Real Time Build Order
Export as new Build Order

RiSky Zerg - Winner!

Build Orders: Hatch First 

Get SALT Encoding   

  12  0:00  Drone  
  13  0:12  Overlord  
  13  0:17  Drone  
  14  0:30  Drone x2  
  14  0:34  Drone  
  17  0:52  Hatchery  
  17  0:55  Drone  
  17  0:58  Drone  
  18  1:09  Extractor  
  17  1:13  Spawning Pool  
  17  1:15  Drone  
  17  1:18  Drone  
  18  1:27  Drone  
  19  1:38  Overlord  
  19  1:49  Drone  
  20  1:59  Queen  
  20  2:00  Zergling x2  
  23  2:03  Queen  
  23  2:04  Zergling x2  
  26  2:09  Metabolic Boost  
  26  2:12  Drone  
  26  2:15  Drone  
  28  2:21  Drone  
  29  2:26  Drone  
  30  2:36  Drone  
  31  2:37  Hatchery  
  31  2:39  Drone  
  31  2:43  Overlord  
  31  2:47  Drone  
  32  2:54  Drone  
  32  2:57  Drone  
  34  3:04  Drone  
  35  3:08  Drone  
  36  3:13  Drone x3  
  36  3:14  Overlord  
  36  3:19  Drone x3  
  42  3:23  Drone  
  43  3:30  Drone  
  43  3:32  Queen x2  
  48  3:34  Overlord  
  48  3:40  Drone  
  49  3:47  Drone, Zergling x2  
  49  3:48  Zergling x2  
  52  3:50  Zergling x2  
  52  3:51  Drone  
  52  3:52  Zergling x2  
  52  3:53  Zergling x4  
  56  3:57  Drone  
  56  4:00  Spore Crawler  
  55  4:08  Drone  
  54  4:14  Drone x2  
  54  4:15  Queen  
  54  4:16  Drone x2  
  61  4:20  Queen  
  61  4:21  Overlord  
  61  4:23  Drone x2  
  65  4:26  Overlord  
  65  4:32  Queen, Baneling Nest  
  65  4:35  Evolution Chamber  
  65  4:37  Drone  
  66  4:44  Overlord x2  
  66  4:47  Drone  
  66  4:49  Drone x3  
  66  4:50  Drone x3  
  73  4:56  Overlord  
  73  5:01  Queen x2  
  73  5:03  Drone  
  73  5:04  Drone  
  73  5:06  Extractor  
  78  5:07  Overlord  
  78  5:08  Drone  
  78  5:10  Zergling x2  
  78  5:12  Overlord  
  78  5:13  Zergling x2  
  81  5:15  Baneling x3  
  81  5:16  Baneling x4  
  81  5:17  Zergling x2  
  81  5:19  Queen  
  84  5:23  Drone x2  
  84  5:24  Zergling x2  
  84  5:25  Zergling x4  
  84  5:27  Overlord  
  89  5:30  Zergling x2  
  89  5:31  Zergling x4  
  89  5:33  Drone  
  89  5:34  Extractor  
  92  5:37  Drone  
  92  5:38  Drone  
  94  5:44  Drone  
  94  5:47  Zerg Ground Armor Level 1  
  94  5:48  Drone  
  96  5:51  Drone  
  96  5:55  Drone  
  96  5:56  Drone  
  98  6:00  Drone  
  98  6:01  Drone  
  98  6:02  Drone  
  98  6:04  Extractor, Drone  
  101  6:06  Extractor x2  
  101  6:07  Drone  
  101  6:09  Hatchery  
  101  6:10  Overlord, Lair  
  99  6:14  Drone  
  99  6:17  Drone  
  101  6:19  Overlord  
  101  6:20  Drone  
  101  6:22  Drone  
  101  6:23  Drone, Hatchery  
  102  6:26  Overlord  
  99  6:34  Drone  
  99  6:35  Drone x5  
  105  6:44  Overlord  
  104  6:50  Evolution Chamber  
  104  6:54  Roach Warren  
  102  6:56  Zergling x14  
  109  7:03  Zergling x2  
  109  7:08  Centrifical Hooks  
  110  7:10  Drone  
  110  7:11  Hydralisk Den  
  110  7:13  Infestation Pit  
  109  7:16  Zergling x6  
  109  7:17  Zergling x14  
  109  7:20  Overlord  
  117  7:26  Drone  
  117  7:28  Drone  
  118  7:31  Drone  
  118  7:35  Glial Reconstitution  
  118  7:36  Overlord  
  119  7:44  Zerg Missile Weapons Level 1, Zerg Ground Armor Level 2  
  119  7:48  Overlord  
  117  7:53  Hive  
  117  7:54  Extractor  
  117  7:55  Drone x2  
  117  7:56  Drone x10  
  117  7:58  Overlord  
  128  7:59  Extractor  
  128  8:00  Overlord  
  128  8:03  Overlord  
  128  8:04  Overlord x2  
  127  8:11  Hatchery  
  127  8:12  Muscular Augments  
  126  8:16  Hydralisk x3  
  126  8:17  Hydralisk x4  
  140  8:24  Hydralisk x4  
  148  8:28  Hydralisk x2  
  148  8:31  Hydralisk  
  148  8:32  Hydralisk  
  156  8:35  Hydralisk x2  
  156  8:39  Hydralisk  
  162  8:43  Hydralisk x3  
  162  8:47  Hydralisk  
  170  8:56  Hydralisk  
  170  8:57  Hydralisk x4  
  170  9:01  Hydralisk x2  
  185  9:10  Roach x6  
  185  9:12  Baneling x5  
  185  9:13  Baneling x2  
  185  9:14  Baneling  
  194  9:18  Hydralisk  
  194  9:19  Hydralisk  
  194  9:23  Baneling x5  
  194  9:24  Baneling x4  
  156  9:39  Hydralisk x7  
  156  9:42  Hydralisk  
  134  9:46  Zergling x18  
  139  9:53  Roach  
  139  9:54  Roach x4  
  139  9:59  Roach x3  
  153  10:04  Roach x3  
  155  10:07  Roach x3  
  155  10:13  Zerg Ground Armor Level 3  
  159  10:18  Roach x3  
  164  10:26  Zerg Missile Weapons Level 2  
  164  10:29  Roach x3  
  164  10:33  Roach x2  
  164  10:34  Roach  
  176  10:37  Roach x3  
  176  10:40  Roach x2  
  176  10:42  Zergling x10  
  191  10:44  Ravager x2  
  193  10:50  Roach x2  
  196  11:03  Hydralisk x7  
  196  11:04  Hydralisk  
  183  11:07  Hydralisk x2  
  183  11:11  Hydralisk  
  168  11:20  Extractor x2, Drone x8  
  168  11:22  Hydralisk x3  
  180  11:30  Hydralisk x4  
  188  11:37  Hydralisk x4  
  196  11:40  Roach x2  
  200  11:53  Roach x4  
  198  11:59  Hydralisk x5  
  198  12:00  Hydralisk x3  
  186  12:15  Hydralisk x8  
  180  12:17  Hydralisk  
  180  12:21  Hydralisk x2  
  179  12:33  Hydralisk x6  
  177  12:39  Hydralisk x3  
  177  12:43  Roach  
  177  12:44  Roach x3  
  181  12:54  Zerg Missile Weapons Level 3  
  181  13:00  Ravager  
  181  13:03  Hydralisk x7  
  196  13:15  Spire  
  196  13:17  Queen  
  198  13:25  Ravager x2  
  200  13:38  Hydralisk x8  
  185  13:41  Hydralisk x7, Hatchery  
  185  13:45  Hydralisk  
  200  14:01  Ultralisk Cavern, Zerg Melee Weapons Level 1  
  175  14:21  Hydralisk x16  
  193  14:40  Extractor x2  
  193  14:42  Drone x7  
  198  14:48  Chitinous Plating  
  198  14:55  Spine Crawler x3  
  198  14:58  Spine Crawler  
  198  14:59  Spine Crawler  
  193  15:06  Ultralisk  
  197  15:36  Spine Crawler  
  197  15:38  Spine Crawler x2  
  190  16:08  Ultralisk x2  
  194  16:15  Viper x2  
  198  16:23  Viper  
  199  16:30  Hatchery  
  198  16:38  Hatchery  
  198  16:45  Zergling x4  
  198  16:46  Evolution Chamber  
  199  16:54  Zerg Melee Weapons Level 2  
  195  17:04  Hydralisk x7  
  191  17:10  Hydralisk x13  
  179  17:16  Hydralisk x10  
  179  17:20  Hydralisk  
  199  17:25  Hydralisk  
  189  17:31  Hydralisk x6  
  194  17:53  Ultralisk  
  192  18:03  Hatchery  
  192  18:05  Ultralisk  
  191  18:14  Hydralisk x4  
  197  18:22  Hydralisk x2  
  197  18:26  Hydralisk  
  191  18:27  Hydralisk x5  
  179  18:36  Ultralisk x3  
  179  18:37  Ultralisk x2  
  179  18:40  Ultralisk  
  190  18:47  Viper  
  190  18:48  Viper x3  
  187  18:52  Hatchery, Viper  
  199  19:14  Pneumatized Carapace  
  199  19:49  Evolution Chamber  
  199  19:52  Evolution Chamber x2  
  196  19:53  Hydralisk  
  196  19:54  Hydralisk  
  196  19:55  Evolution Chamber  
  199  20:03  Spine Crawler x2  
  195  20:23  Hydralisk x2  
  199  20:31  Extractor x2  
Tags
 
Add a new tag
Caveats
  • Supply blocks, unpowered buildings, or Contaminate may cause inaccurate times.
  • Supply counts are checked every 10 seconds.